 Dungeon Crawl Stone Soup version 0.22-a0-355-g201945f (webtiles) character file.

4620 Gildeon the Chiller (level 10, -5/59 HPs)
             Began as a Gargoyle Fighter on Apr 16, 2018.
             Was a Priest of Sif Muna.
             Slain by a two-headed ogre
             ... wielding a cursed -1 giant club
              (15 damage)
             ... on level 7 of the Dungeon on Apr 17, 2018.
             The game lasted 00:40:40 (7323 turns).

Gildeon the Chiller (Gargoyle Fighter)              Turns: 7323, Time: 00:40:41

Health: -5/59      AC: 24    Str: 20    XL:     10   Next: 42%
Magic:  18/18      EV: 13    Int: 11    God:    Sif Muna [***...]
Gold:   375        SH:  0    Dex: 10    Spells: 11/20 levels left

rFire    . . .     SeeInvis .   a - +1 morningstar (protect)
rCold    + . .     Gourm    .   (no shield)
rNeg     + . .     Faith    .   j - +2 leather armour {rC+}
rPois    ∞         Spirit   .   r - +2 helmet
rElec    +         Reflect  .   m - scarf {cloud immunity}
rCorr    .         Harm     .   x - +0 pair of gloves
MR       .....                  (no boots)
Stlth    +.........             (no amulet)
HPRegen  0.19/turn              (no ring)
MPRegen  0.16/turn              (no ring)

@: protection aura, very slightly contaminated
A: negative energy resistance 1, electricity resistance, unbreathing,
petrification resistance, rot immunity, AC +7
a: Divine Energy, Channel Magic, Renounce Religion


You were on level 7 of the Dungeon.
You worshipped Sif Muna.
Sif Muna was most pleased with you.
You were not hungry.

You visited 2 branches of the dungeon, and saw 9 of its levels.

You collected 375 gold pieces.

Inventory:

Hand Weapons
 a - a +1 morningstar of protection (weapon)
 c - a +3 flail
 l - a +5 mace
 z - a +4 morningstar
Missiles
 e - 157 stones (quivered)
Armour
 b - a +0 scale mail
 h - a +3 chain mail of fire resistance
 j - a +2 leather armour of cold resistance (worn)
 m - a scarf of cloud immunity (worn)
 r - a +2 helmet (worn)
 s - a +1 ring mail of magic resistance
 x - a +0 pair of gloves (worn)
Wands
 d - a wand of iceblast (25)
 k - a wand of flame (43)
Scrolls
 i - 4 scrolls of teleportation
 p - a scroll of fear
Potions
 g - a potion of lignification {unknown}
 n - a potion of flight {unknown}
 q - a potion of brilliance {unknown}
 t - 3 potions of ambrosia {unknown}
 u - a potion of agility {unknown}
 w - a potion of magic {unknown}
Comestibles
 f - 10 rations


   Skills:
 - Level 5.3 Fighting
 - Level 5.1 Maces & Flails
 - Level 5.1 Armour
 - Level 5.0 Dodging
   Level 3.2 Shields
 - Level 5.6 Spellcasting
 - Level 5.1 Transmutations
 - Level 5.7 Ice Magic
 - Level 5.0 Earth Magic


You had 11 spell levels left.
You knew the following spells:

 Your Spells              Type           Power        Failure   Level  Hunger
a - Petrify               Tmut/Erth      ##......     28%         4    ####...
b - Metabolic Englaciati  Hex/Ice        #.........   89%         5    ######.


Dungeon Overview and Level Annotations

Branches:
Dungeon (8/15)             Temple (1/1) D:4
   Lair: D:8-11

Altars:
Ashenzari
Cheibriados
Dithmenos
Elyvilon
Gozag
Kikubaaqudgha
Makhleb
Nemelex Xobeh
Okawaru
Qazlal
Sif Muna
Trog
Uskayaw
Vehumet
Wu Jian
Xom
Yredelemnul

Shops:
D:4 }   D:5 }   D:6 !


Innate Abilities, Weirdness & Mutations

You are resistant to torment.
Your stone body is resilient. (AC +7)
You are immune to poison.
You resist negative energy. (rN+)
You are resistant to electric shocks. (rElec)
You can survive without breathing.
You are immune to petrification.
You are immune to rotting.


Message History

The two-headed ogre is lightly wounded.
The two-headed ogre barely misses you.
The two-headed ogre hits you but does no damage.
You closely miss the two-headed ogre.
The two-headed ogre is lightly wounded.
The two-headed ogre misses you.
The two-headed ogre hits you but does no damage.
You impale the two-headed ogre!!
Your weapon exudes an aura of protection.
The two-headed ogre is heavily wounded.
The two-headed ogre barely misses you. The two-headed ogre closely misses you.
You sock the two-headed ogre!
The two-headed ogre is severely wounded.
The two-headed ogre hits you with a giant club!
* * * LOW HITPOINT WARNING * * *
The two-headed ogre hits you but does no damage.
You hit the two-headed ogre.
The two-headed ogre is severely wounded.
The two-headed ogre hits you with a giant club!
You die...

###..###.#.# #.# ### ####
##.....#.# #.# #..
...###########..###.# #.#####)#
##.<.......####.# #.# #.......#
########.......# #<# ##..######
#.##..#.# #.# ##...# ## ##
#.###.#.###.###..#.## #. .# ###.#
#.....#.##..##..## #. .######...#
#...@O.....####..# #. ........###
#..........## ##.# #.
######..#####.#####.....## #.###.
## #.........###.......###...#(
.#####.######...#.........####...
..)...........8.#.8.##..#..###..#
#....#######....#.......##...##.#
###.......###..###..##.#####..#(#
#.#####.###.#####.##...####.#(#


You could see a two-headed ogre.

Vanquished Creatures
  A two-headed ogre (D:7)
  Prince Ribbit (D:7)
  2 hippogriffs
  Eustachio (D:5)
  2 hungry ghosts (D:7)
  A wyvern (D:6)
  Duvessa (D:7)
  A sky beast (D:5)
  3 ogres
  5 centaurs
  A crocodile (D:7)
  Blork the orc (D:6)
  3 bullfrogs
  Dowan (D:7)
  3 scorpions
  8 wights
  A howler monkey (D:7)
  A crimson imp (D:5)
  A quasit (D:6)
  A jelly (D:7)
  3 orc wizards
  2 bullfrog skeletons
  A gnoll shaman (D:6)
  2 orc priests
  8 hounds
  A centaur zombie (D:6)
  Ijyb (D:3)
  An iguana (D:6)
  7 worker ants
  2 howler monkey zombies (D:6)
  2 worker ant zombies
  8 gnolls
  12 adders
  6 shadow imps
  An ooze (D:1)
  An adder skeleton (D:7)
  A worm (D:3)
  A dart slug (D:3)
  6 leopard geckos
  22 orcs
  3 giant cockroaches
  6 goblins
  4 hobgoblins
  10 jackals (D:2)
  2 quokkas
  9 bats
  6 frilled lizards
  A jackal skeleton (D:7)
  7 kobolds
  A quokka zombie (D:6)
  6 rats
182 creatures vanquished.

Vanquished Creatures (others)
  A two-headed ogre (D:8)
  A wyvern (D:8)
2 creatures vanquished.

Grand Total: 184 creatures vanquished

Notes
Turn   | Place    | Note
-------+----------+-------------------------------------------
     0 | D:1      | Gildeon the Gargoyle Fighter began the quest for the Orb.
     0 | D:1      | Reached XP level 1. HP: 14/14 MP: 1/1
   266 | D:1      | Reached XP level 2. HP: 19/19 MP: 2/2
   971 | D:2      | Reached XP level 3. HP: 23/23 MP: 3/3
  1012 | D:2      | Found a shadowy altar of Dithmenos.
  1404 | D:2      | Reached XP level 4. HP: 28/28 MP: 4/4
  1518 | D:2      | Reached skill level 5 in Maces & Flails
  1518 | D:2      | Reached XP level 5. HP: 14/32 MP: 5/5
  1696 | D:2      | Learned a level 4 spell: Petrify
  1840 | D:3      | Upgraded the game from 0.22-a0-354-g30dfbe6 to 0.22-a0-355-g201945f
  2040 | D:3      | Noticed Ijyb
  2045 | D:3      | Killed Ijyb
  2146 | D:3      | Found a shimmering altar of Xom.
  2563 | D:3      | 1
  2624 | D:4      | Reached XP level 6. HP: 39/40 MP: 6/6
  2635 | D:4      | Reached skill level 5 in Fighting
  2652 | D:4      | Found Rusko's Gadget Shop.
  2999 | D:4      | Found a staircase to the Ecumenical Temple.
  3039 | Temple   | Entered the Ecumenical Temple
  3044 | Temple   | Became a worshipper of Sif Muna the Loreminder
  3306 | D:5      | Entered Level 5 of the Dungeon
  3342 | D:5      | Reached skill level 5 in Armour
  3342 | D:5      | Reached XP level 7. HP: 44/44 MP: 7/7
  3359 | D:5      | Noticed Eustachio
  3374 | D:5      | Killed Eustachio
  3465 | D:5      | Found a hide-covered altar of Uskayaw.
  3744 | D:5      | Reached XP level 8. HP: 35/49 MP: 8/8
  3939 | D:5      | Found Yffaxkoci's Gadget Shop.
  4431 | D:6      | Noticed a wyvern
  4449 | D:6      | Reached skill level 5 in Dodging
  4487 | D:6      | Noticed Blork the orc
  4502 | D:6      | Reached skill level 1 in Spellcasting
  4504 | D:6      | Killed Blork the orc
  4532 | D:6      | Learned a level 5 spell: Metabolic Englaciation
  4549 | D:6      | Reached * piety under Sif Muna
  4648 | D:6      | Noticed a hippogriff
  4671 | D:6      | Killed a hippogriff
  4831 | D:6      | Killed a wyvern
  4831 | D:6      | Reached skill level 5 in Spellcasting
  4831 | D:6      | Reached XP level 9. HP: 54/54 MP: 15/17
  4844 | D:6      | Found Momap's Distillery.
  4885 | D:6      | Reached skill level 1 in Earth Magic
  5077 | D:7      | Noticed Dowan
  5080 | D:7      | Noticed Duvessa
  5103 | D:7      | Reached ** piety under Sif Muna
  5120 | D:7      | Killed Duvessa
  5140 | D:7      | Killed Dowan
  5294 | D:7      | Reached skill level 5 in Earth Magic
  5313 | D:7      | Reached skill level 1 in Ice Magic
  5447 | D:7      | Noticed Prince Ribbit
  5868 | D:7      | Found a white marble altar of Elyvilon.
  6034 | D:7      | Killed Prince Ribbit
  6034 | D:7      | Reached skill level 5 in Ice Magic
  6233 | D:8      | Reached *** piety under Sif Muna
  6265 | D:8      | Noticed a two-headed ogre
  6269 | D:8      | Noticed a two-headed ogre
  6277 | D:8      | Killed a two-headed ogre
  6277 | D:8      | Reached skill level 1 in Transmutations
  6277 | D:8      | Reached XP level 10. HP: 40/59 MP: 18/18
  6318 | D:7      | Killed a two-headed ogre
  7263 | D:8      | Noticed a two-headed ogre
  7271 | D:8      | Reached skill level 5 in Transmutations
  7323 | D:7      | Slain by a two-headed ogre

Vault maps used:
D:1:      roderic_chinese_lattice_arrival, minmay_door_square
D:2:      nicolae_dithmenos_shadow_blocks
D:3:      minmay_door_path, xom_teletrap_fun, uniq_ijyb
D:4:      minmay_temple_entry_statues_fountains, serial_shops, shop,
          hangedman_abyss_or_decor_stagger
D:5:      eat_drink_and_be_merry_uskayaw, serial_shops, shop, first_ration,
          grunt_decor_resistance, uniq_eustachio
D:6:      serial_shops, shop, kennysheep_doodads, uniq_blork_the_orc
D:7:      basic_altar, mrwooster_statue_mirror, uniq_duvessa,
          uniq_prince_ribbit1
D:8:      minmay_four_partial_circles
Temple:   dpeg_three_leaves_temple

Skill      XL: |  1  2  3  4  5  6  7  8  9 10 |
---------------+-------------------------------+-----
Maces & Flails | 3 4 5 |  5.1
Fighting       | 4 5 |  5.3
Armour         | 5 |  5.1
Dodging        | 4 5 |  5.0
Spellcasting   | 5 |  5.6
Earth Magic    | 5 |  5.0
Ice Magic      | 5 |  5.7
Transmutations | 1 5 |  5.1
Shields        | |  3.2

Action                   |  1- 3 |  4- 6 |  7- 9 | 10-12 || total
-------------------------+-------+-------+-------+-------++-------
Melee: Flail             |   165 |   171 |   415 |       ||   751
       Morningstar       |       |       |    30 |   127 ||   157
 Cast: Petrify           |       |       |       |     1 ||     1
  Use: Scroll            |     4 |    10 |     7 |     1 ||    22
       Potion            |       |     2 |     6 |    10 ||    18
 Stab: Sleeping          |       |       |     1 |       ||     1
       Invisible         |       |       |     2 |       ||     2
  Eat: Ration            |     1 |     1 |     3 |     1 ||     6
       Chunk             |       |     2 |     6 |     3 ||    11
Armor: Scale mail        |    25 |    60 |       |       ||    85
       Chain mail        |   163 |    71 |       |       ||   234
       Ring mail         |       |    11 |       |       ||    11
       Leather armour    |       |       |   317 |   130 ||   447
Dodge: Dodged            |   112 |    99 |   457 |   200 ||   868

Table legend:
 A = Spawn XP
 B = Non-spawn XP
 C = Spawn XP percentage of total XP
 D = Spawn monster count
 E = Non-spawn monster count
 F = Spawn count percentage of total count
 G = Total turns spent on level
                    A         B        C        D         E        F      G
               +---------+---------+-------+---------+---------+-------+---------
         Total |       0 |    6601 |   0.0 |       0 |     184 |   0.0 |  7323
               +---------+---------+-------+---------+---------+-------+---------
           D:1 |       0 |      28 |   0.0 |       0 |      18 |   0.0 |   953
           D:2 |       0 |     156 |   0.0 |       0 |      29 |   0.0 |   880
           D:3 |       0 |     108 |   0.0 |       0 |      19 |   0.0 |   757
           D:4 |       0 |     323 |   0.0 |       0 |      17 |   0.0 |   705
           D:5 |       0 |     803 |   0.0 |       0 |      18 |   0.0 |  1083
           D:6 |       0 |    1354 |   0.0 |       0 |      31 |   0.0 |   688
           D:7 |       0 |    2958 |   0.0 |       0 |      39 |   0.0 |  1972
           D:8 |       0 |     871 |   0.0 |       0 |      13 |   0.0 |   274
               +---------+---------+-------+---------+---------+-------+---------
